 Dungeon Crawl Stone Soup version 0.19.1 (console) character file.

214 HarryHood the Cudgeler (level 5, -1/50 HPs)
             Began as a Minotaur Berserker on Nov 29, 2016.
             Was a Believer of Trog.
             Killed from afar by Sigmund (3 damage)
             ... with a magic dart
             ... on level 3 of the Dungeon.
             The game lasted 00:10:16 (2418 turns).

HarryHood the Cudgeler (Minotaur Berserker)         Turns: 2418, Time: 00:10:16

Health: -1/50      AC:  6    Str: 22    XL:     5   Next: 59%
Magic:  4/4        EV:  7    Int:  4    God:    Trog [**....]
Gold:   76         SH:  0    Dex: 10    Spells: 0 memorised, 4 levels left

rFire  . . .     SeeInvis .     j - +0 whip
rCold  . . .     Gourm    .     g - +0 scale mail
rNeg   . . .     Faith    .     l - +0 shield
rPois  .         Spirit   .     e - +0 hat
rElec  .         Reflect  .     (no cloak)
rCorr  .         Harm     .     (no gloves)
MR     .....                    (no boots)
Stlth  ..........               (no amulet)
                                (no ring)
                                (no ring)

@: confused, exhausted, slowed, very slow
A: retaliatory headbutt, horns 2
a: Berserk, Trog's Hand, Burn Spellbooks, Renounce Religion


You were on level 3 of the Dungeon.
You worshipped Trog.
Trog was pleased with you.
You were very hungry.

You visited 1 branch of the dungeon, and saw 3 of its levels.

You collected 76 gold pieces.

Inventory:

Hand Weapons
 j - a +0 whip (weapon)
Armour
 e - a +0 hat (worn)
 g - a +0 scale mail (worn)
 l - a +0 shield (worn)
Scrolls
 b - a scroll of fog
 o - 3 scrolls of remove curse
Potions
 a - 2 potions of might
 h - a potion of lignification
 i - a potion of berserk rage
 p - a potion of agility {unknown}
 q - a potion of heal wounds {unknown}
Comestibles
 c - 3 bread rations
 f - a meat ration
 k - a royal jelly
 n - a beef jerky


   Skills:
 * Level 5.9 Fighting
 - Level 6.1 Maces & Flails
 - Level 2.4 Armour
 - Level 2.1 Dodging


You had 4 spell levels left.
You didn't know any spells.

Dungeon Overview and Level Annotations

Branches:
Dungeon (3/15)

Altars:

Annotations:
D:3 Sigmund


Innate Abilities, Weirdness & Mutations

You reflexively headbutt those who attack you in melee.
You have a pair of horns on your head.


Message History

The hobgoblin is lightly wounded.
You hear some strange, mumbled words.
You are confused.
The hobgoblin hits you with a club.
* * * LOW HITPOINT WARNING * * *
You hear some strange, mumbled words.
A puff of flame appears from out of thin air!
The puff of flame hits you!
* * * LOW HITPOINT WARNING * * *
You closely miss something. The hobgoblin barely misses you.
Something hits you.
* * * LOW HITPOINT WARNING * * *
Something freezes you.
* * * LOW HITPOINT WARNING * * *
You're too confused to move!
The hobgoblin hits you but does no damage.
You hear some strange, mumbled words.
A magic dart appears from out of thin air!
The magic dart hits you!
You die...

####........#.##.......
.$.....................
..#$.......#......#.
#.##.#############
##)##.# #.).#.# #().#.#
#{..#.# #.@.####
#.....g...##
...........#
.#.........# ###
#####...### #.# #...#
#.# #...# ###.# #...#
#.... #.#.#


You could see a hobgoblin.

Vanquished Creatures
  An orc wizard (D:3)
  2 orc priests (D:3)
  Jessica (D:2)
  4 adders (D:2)
  2 leopard geckos (D:2)
  5 orcs (D:3)
  7 bats
  5 giant cockroaches
  5 hobgoblins
  13 jackals
  2 ball pythons
  3 frilled lizards
  4 goblins
  A kobold (D:1)
  3 rats
58 creatures vanquished.

Notes
Turn   | Place    | Note
-------+----------+-------------------------------------------
     0 | D:1      | HarryHood the Minotaur Berserker began the quest for the Orb.
     0 | D:1      | Reached XP level 1. HP: 19/19 MP: 0/0
    65 | D:1      | Reached skill level 4 in Maces & Flails
   172 | D:1      | Reached XP level 2. HP: 26/26 MP: 1/1
   693 | D:2      | Reached skill level 5 in Maces & Flails
   700 | D:2      | Reached XP level 3. HP: 21/31 MP: 2/2
  1003 | D:2      | Reached ** piety under Trog
  1080 | D:2      | Noticed Jessica
  1124 | D:2      | Killed Jessica
  1124 | D:2      | Reached skill level 6 in Maces & Flails
  1124 | D:2      | Reached XP level 4. HP: 8/39 MP: 3/3
  2092 | D:3      | Reached XP level 5. HP: 5/47 MP: 4/4
  2093 | D:3      | Reached skill level 5 in Fighting
  2402 | D:3      | Noticed Sigmund
  2417 | D:3      | HP: 2/50 [something (3)]
  2418 | D:3      | Killed from afar by Sigmund

Skill      XL: |  1  2  3  4  5 |
---------------+----------------+-----
Maces & Flails | 4 5 6 |  6.1
Fighting       | 4 5 |  5.9
Armour         | |  2.4
Dodging        | |  2.1

Action                   |  1- 3 |  4- 6 || total
-------------------------+-------+-------++-------
Melee: Mace              |    18 |       ||    18
       Headbutt          |    13 |    11 ||    24
       Whip              |    49 |    73 ||   122
Invok: Berserk           |     1 |     2 ||     3
  Use: Scroll            |     3 |     5 ||     8
 Stab: Sleeping          |     1 |       ||     1
  Eat: Chunk             |       |     6 ||     6
Armor: Animal skin       |     4 |       ||     4
       Ring mail         |    10 |       ||    10
       Scale mail        |     8 |    14 ||    22
Dodge: Dodged            |    36 |    12 ||    48
Block: Shield            |     2 |    20 ||    22
